Map: Ruines de Seras

Players

Princess - Winner!

  • Race: Zerg Zerg
  • League: Platinum

Worming

  • Race: Zerg Zerg
  • League: Platinum

VOD

Have the link to the VOD?

Description

Time

  • Played on: Nov. 11, 2015, 8:19 a.m.
  • Length: 8:02
Show
View Real Time Build Order
Export as new Build Order

Princess Zerg - Winner!

Build Orders: Hatch First 

Get SALT Encoding   

  12  0:01  Drone  
  13  0:09  Drone  
  14  0:35  Hatchery  
  13  0:38  Drone  
  13  0:42  Extractor  
  13  0:44  Drone  
  14  1:03  Spawning Pool  
  13  1:06  Drone  
  14  1:17  Overlord  
  14  1:36  Drone  
  14  1:37  Drone x2  
  17  1:49  Metabolic Boost  
  17  1:53  Queen  
  19  1:58  Zergling x2  
  20  2:03  Drone  
  21  2:10  Baneling Nest  
  21  2:14  Drone  
  21  2:19  Drone  
  22  2:24  Drone  
  22  2:25  Drone  
  24  2:32  Overlord  
  25  2:37  Drone  
  25  2:40  Drone  
  25  2:43  Zergling x2  
  27  2:48  Drone  
  28  2:58  Zergling x6  
  30  3:03  Queen  
  33  3:10  Overlord  
  33  3:14  Drone  
  33  3:15  Drone  
  33  3:18  Drone  
  36  3:27  Evolution Chamber  
  36  3:28  Drone  
  36  3:29  Drone  
  36  3:30  Evolution Chamber  
  36  3:37  Drone x3  
  36  3:40  Drone  
  40  3:46  Drone x2  
  42  3:50  Overlord  
  42  4:01  Zerg Melee Weapons Level 1, Zerg Ground Armor Level 1  
  42  4:03  Extractor  
  42  4:06  Overlord  
  41  4:12  Drone x3  
  44  4:17  Overlord  
  44  4:25  Zergling x12  
  50  4:32  Drone  
  50  4:33  Drone x2  
  53  4:39  Drone  
  53  4:42  Lair  
  54  4:49  Baneling  
  54  4:50  Baneling x5  
  54  4:53  Drone  
  54  4:54  Drone x3, Extractor  
  54  4:58  Extractor  
  54  4:59  Drone x3  
  58  5:15  Spine Crawler  
  58  5:16  Spine Crawler x2  
  58  5:18  Zergling x4  
  58  5:19  Zergling x4  
  59  5:24  Zergling x6  
  62  5:29  Zergling x4  
  62  5:30  Zergling x2  
  65  5:36  Overlord  
  65  5:37  Overlord  
  65  5:41  Zergling x4  
  67  5:51  Spire  
  67  5:53  Zergling x2  
  67  6:00  Zergling x2  
  67  6:01  Zergling x8  
  66  6:13  Hatchery  
  66  6:16  Drone x2  
  67  6:24  Drone  
  67  6:25  Drone x4  
  69  6:28  Drone  
  66  6:36  Baneling x2  
  66  6:39  Drone x2  
  67  6:42  Queen  
  69  6:50  Baneling x3  
  69  6:55  Overlord x2  
  67  7:09  Mutalisk  
  67  7:10  Mutalisk x4  
  67  7:14  Mutalisk  
  74  7:20  Mutalisk x2  
  76  7:28  Mutalisk x2  
  80  7:42  Zergling x2  
  80  7:43  Zergling x4  
Show
View Real Time Build Order
Export as new Build Order

Worming Zerg 

Build Orders: Hatch First 

Get SALT Encoding   

  12  0:01  Drone  
  13  0:12  Overlord  
  13  0:17  Drone  
  14  0:25  Drone, Extractor  
  15  0:33  Drone  
  16  0:38  Drone  
  17  0:56  Hatchery  
  16  0:59  Drone  
  16  1:02  Drone  
  18  1:16  Spawning Pool  
  17  1:20  Drone  
  17  1:21  Extractor  
  17  1:26  Drone  
  18  1:42  Drone x2  
  20  1:50  Overlord  
  20  2:03  Queen  
  20  2:04  Zergling x2, Spine Crawler  
  22  2:10  Queen  
  22  2:13  Zergling x2  
  25  2:24  Metabolic Boost  
  25  2:26  Zergling x4  
  27  2:33  Overlord  
  27  2:59  Drone x6  
  27  3:04  Lair  
  33  3:12  Extractor  
  32  3:21  Roach Warren  
  31  3:35  Drone x4  
  33  3:53  Drone x8  
  40  4:04  Overlord x2  
  40  4:09  Glial Reconstitution  
  40  4:21  Drone  
  41  4:33  Roach  
  41  4:34  Roach x6  
  41  4:37  Roach  
  57  4:58  Overlord x3  
  55  5:10  Drone x3  
  55  5:11  Evolution Chamber  
  57  5:16  Overlord  
  57  5:29  Drone x2  
  57  5:31  Evolution Chamber  
  57  5:34  Zergling x2, Roach  
  57  5:35  Roach x4  
  69  5:40  Hatchery  
  69  5:42  Ravager x3  
  71  5:44  Zergling x4  
  71  5:45  Zergling x4  
  64  6:07  Zerg Missile Weapons Level 1  
  56  6:12  Zergling x2  
  56  6:13  Zergling x18  
  56  6:16  Extractor  
  56  6:17  Extractor  
  64  6:21  Overlord  
  61  6:30  Roach x2  
  52  6:36  Roach  
  52  6:39  Roach  
  56  6:40  Roach x5  
  66  6:59  Drone x3  
  66  7:00  Drone x2  
  60  7:14  Roach x3  
  60  7:15  Zergling x8  
  54  7:28  Roach x4  
Tags
 
Add a new tag
Caveats
  • Supply blocks, unpowered buildings, or Contaminate may cause inaccurate times.
  • Supply counts are checked every 10 seconds.